 Dungeon Crawl Stone Soup version 0.19-a0-719-gcc390b8 (webtiles) character file.

49 Ordine the Changer (level 3, -1/23 HPs)
             Began as an Octopode Transmuter on June 21, 2016.
             Slain by a quokka (4 damage)
             ... on level 2 of the Dungeon.
             The game lasted 00:02:11 (1063 turns).

Ordine the Changer (Octopode Transmuter)            Turns: 1063, Time: 00:02:12

Health: -1/23      AC:  1    Str:  9    XL:     3   Next: 75%
Magic:  6/6        EV: 12    Int: 16    God:
Gold:   42         SH:  0    Dex: 12    Spells: 1 memorised, 5 levels left

rFire  . . .     SeeInvis .       - Unarmed
rCold  . . .     Gourm    .     (no shield)
rNeg   . . .     Faith    .     (helmet restricted)
rPois  .         Spirit   .     (no amulet)
rElec  .         Dismiss  .     (no ring)
rCorr  .         Reflect  .     (no ring)
SustAt .         Harm     .     (no ring)
MR     .....                    (no ring)
Stlth  +++.......               (no ring)
                                (no ring)
                                (no ring)
                                (no ring)

@: not resistant to hostile enchantments, fairly stealthy
A: almost no armour, amphibious, 8 rings, constrict 8, camouflage 1, gelatinous
body 1
a: no special abilities


You were on level 2 of the Dungeon.
You were not hungry.

You visited 1 branch of the dungeon, and saw 2 of its levels.

You collected 42 gold pieces.

Inventory:

Potions
 g - a potion of brilliance {unknown}
Books
 b - a book of Changes

   Spells                             Type                      Level
   a - Beastly Appendage              Transmutation                1
   b - Sticks to Snakes               Transmutation                2
   c - Spider Form                    Transmutation/Poison         3
   d - Ice Form                       Ice/Transmutation            4
   e - Blade Hands                    Transmutation                5
Comestibles
 c - 3 bread rations
 d - a meat ration
 f - a royal jelly


   Skills:
 - Level 1.0 Fighting
 - Level 2.0 Dodging
 + Level 2.4 Stealth
 - Level 3.0 Unarmed Combat
 - Level 2.0 Spellcasting
 * Level 3.4 Transmutations


You had 5 spell levels left.
You knew the following spells:

 Your Spells              Type           Power        Failure   Level  Hunger
a - Beastly Appendage     Tmut           ##....       8%          1    #......


Dungeon Overview and Level Annotations

Branches:
Dungeon (1/15)

Altars:
Nemelex Xobeh
Qazlal


Innate Abilities, Weirdness & Mutations

You cannot wear most types of armour.
You are amphibious.
You can wear up to eight rings at the same time.
You can use your tentacles to constrict eight enemies at once.
Your skin changes colour to match your surroundings (Stealth+).
Your rubbery body absorbs attacks. (AC +1)


Message History

You kill the kobold!
The adder closely misses you.
Found 19 stones.
You see here a dagger.
You barely miss the adder. Your grab misses the adder.
The adder barely misses you. The adder bites you.
You tentacle-slap the adder. Your grab misses the adder.
Your squeeze misses the adder.
The adder is lightly wounded.
The quokka bites you. The adder bites you. The quokka bites you.
* * * LOW HITPOINT WARNING * * *
You are too injured to fight recklessly!
You are too injured to fight recklessly!
You tentacle-slap the adder. You grab the adder.
You squeeze the adder, but do no damage.
The adder is lightly wounded.
You constrict the adder. The adder bites you.
* * * LOW HITPOINT WARNING * * *
The quokka bites you.
You die...

..#...###
..........##########
........_.##.......#
....$......#.......#
......8....#.......#
#.......(.#.......#
.##._.............#
......r..รทรท.......##
......S@..........(#
..>...###...##+##..#
....! #...# ..# ....
#...# ## ..( #..... ##
.....#. ...#... .
.##.#..#.


You could see an adder and a quokka.

Vanquished Creatures
  A gnoll (D:1)
  2 adders (D:2)
  2 giant geckos (D:1)
  A giant cockroach (D:1)
  4 goblins (D:1)
  2 hobgoblins (D:1)
  3 kobolds
  2 giant newts (D:1)
  2 rats (D:1)
19 creatures vanquished.

Notes
Turn   | Place    | Note
--------------------------------------------------------------
     0 | D:1      | Ordine the Octopode Transmuter began the quest for the Orb.
     0 | D:1      | Reached XP level 1. HP: 13/13 MP: 3/3
   215 | D:1      | Reached skill level 1 in Stealth
   215 | D:1      | Reached XP level 2. HP: 14/18 MP: 5/5
   804 | D:1      | Reached XP level 3. HP: 23/23 MP: 4/6
   805 | D:1      | You fall through a shaft!
   808 | D:2      | Found a sparkling altar of Nemelex Xobeh.
   809 | D:2      | Found a stormy altar of Qazlal.
  1063 | D:2      | Slain by a quokka

Vault maps used:
D:1:      dpeg_arrival_windows_large_door, minmay_ruptured
D:2:      lemuel_upstairs_altar, nicolae_overflow_crystal_walls,
          grunt_temple_overflow_open, serial_curves, eino_curves_02,
          eino_curves_01, eino_curves_03, eino_curves_04

Skill      XL: |  1  2  3 |
---------------+----------+-----
Stealth        | 1 2 |  2.4
Transmutations | 3 |  3.4
Fighting       | |  1.0
Dodging        | |  2.0
Unarmed Combat | |  3.0
Spellcasting   | |  2.0

Action                   || total
-------------------------++-------
Melee: Unarmed           ||    52
       Constrict         ||    13
       Tentacles         ||     8
       Kick              ||     2
 Cast: Beastly Appendage ||     1
  Use: Scroll            ||     2
 Stab: Sleeping          ||     3
Armor: Skin              ||     4
Dodge: Dodged            ||    25
